 Dungeon Crawl Stone Soup version 0.28-a0-1632-g283549b12f (webtiles) character file.

Game seed: 6851441219665951765

63 Peloso the Covered (level 3, -2/33 HPs)
             Began as a Minotaur Fighter on Jan 25, 2022.
             Slain by a jackal (3 damage)
             ... on level 2 of the Dungeon.
             The game lasted 00:01:27 (880 turns).

Peloso the Covered (Minotaur Fighter)                Turns: 880, Time: 00:01:28

Health: -2/33      AC:  8    Str: 20    XL:     3   Next: 89%
Magic:  2/2        EV:  9    Int:  5    God:
Gold:   53         SH:  4    Dex: 11    Spells: 2/2 levels left

rFire   . . .      SeeInvis .   a - +0 long sword
rCold   . . .      Faith    .   c - +0 buckler
rNeg    . . .      Spirit   .   g - +0 scale mail
rPois   .          Reflect  .   (helmet restricted)
rElec   .          Harm     .   (no cloak)
rCorr   .          Rampage  .   f - +0 pair of gloves
Will    .....                   (no boots)
Stlth   ..........              (no amulet)
HPRegen 0.11/turn               (no ring)
MPRegen 0.08/turn               (no ring)

@: no status effects
A: horns 2, retaliatory headbutt
a: no special abilities


You were on level 2 of the Dungeon.
You visited 1 branch of the dungeon, and saw 2 of its levels.

You collected 53 gold pieces.

Inventory:

Hand Weapons
 a - a +0 long sword (weapon)
 b - a +1 dagger of flaming
Armour
 c - a +0 buckler (worn)
 f - a +0 pair of gloves (worn)
 g - a +0 scale mail (worn)
Scrolls
 h - a scroll of identify {unknown}
Potions
 d - a potion of might
 e - a potion of flight {unknown}
 i - 2 potions of curing {unknown}


   Skills:
 + Level 4.1 Fighting
 + Level 3.2 Long Blades
 + Level 4.4 Armour
 + Level 0.3 Dodging
 + Level 4.2 Shields


You had 2 spell levels left.
You didn't know any spells.
Your spell library was empty.

Dungeon Overview and Level Annotations

Branches:
Dungeon (2/15)

Altars:

Shops:
D:1 [


Innate Abilities, Weirdness & Mutations

You have a pair of horns on your head.
You reflexively headbutt those who attack you in melee.


Message History

The jackal bites you but does no damage.
Unknown command.
You hit the quokka.
The quokka is moderately wounded.
The jackal bites you.
* * * LOW HITPOINT WARNING * * *
The quokka bites you but does no damage.
The hobgoblin barely misses you. You furiously retaliate!
You headbutt the hobgoblin.
The goblin shoots a stone.
The stone barely misses you. The jackal closely misses you.
The quokka bites you.
* * * LOW HITPOINT WARNING * * *
You block the hobgoblin's attack.
You hit the quokka.
The quokka is severely wounded.
The goblin shoots a stone.
The stone hits you but does no damage.
The jackal bites you but does no damage.
The quokka bites you but does no damage.
The hobgoblin barely misses you. The jackal barely misses you.
Unknown command.
You barely miss the quokka.
The quokka is severely wounded.
You block the quokka's attack.
The jackal bites you but does no damage.
The hobgoblin hits you but does no damage.
The goblin unwields a +0 hunting sling.
The goblin wields a +0 club.
The goblin hits you but does no damage. The quokka closely misses you.
You barely miss the quokka.
The quokka is severely wounded.
The jackal barely misses you.
The hobgoblin hits you but does no damage.
The quokka closely misses you. The jackal barely misses you.
The goblin hits you with a +0 club.
* * * LOW HITPOINT WARNING * * *
You barely miss the jackal. The jackal bites you.
* * * LOW HITPOINT WARNING * * *
The quokka bites you but does no damage.
The hobgoblin hits you but does no damage.
You block the goblin's attack. The jackal bites you.
You die...

#.## ... #..# #.. #
###..#########
#.#$....##.....##..
......r.........#.#
#.....h@....(.....#
#..)..gg..........##
..................>#
.....<.............#
.#.................#
#?................#
#...........†......#
).......<#^.).......
#..##....###†#.#####


You could see a quokka, a jackal, a hobgoblin and a goblin.

Vanquished Creatures
  A gnoll (D:1)
  An adder (D:2)
  2 dart slugs (D:2)
  3 ball pythons
  2 bats
  2 endoplasms (D:1)
  2 giant cockroaches (D:1)
  5 goblins (D:1)
  9 jackals
  2 quokkas (D:2)
  A frilled lizard (D:1)
  3 kobolds
  A rat (D:1)
34 creatures vanquished.

Notes
Turn   | Place    | Note
-------+----------+-------------------------------------------
     0 | D:1      | Peloso the Minotaur Fighter began the quest for the Orb.
     0 | D:1      | Reached XP level 1. HP: 19/19 MP: 0/0
   136 | D:1      | Found Sonior's Antique Armour Boutique.
   170 | D:1      | Reached XP level 2. HP: 24/27 MP: 1/1
   529 | D:1      | Reached XP level 3. HP: 33/33 MP: 2/2
   880 | D:2      | HP: 1/33 [jackal (2)]
   880 | D:2      | Slain by a jackal

Illustrated notes

Levels and vault maps discovered:
D:1:      nzn_arrival_depleted_hourglass, layout_rooms, serial_shops,
          nicolae_shop_behind_doors
D:2:      minmay_spotlight, layout_rooms, minmay_pentomino_w2

Skill      XL: |  1  2  3 |
---------------+----------+-----
Shields        | 4 |  4.2
Fighting       | 4 |  4.1
Armour         | 4 |  4.4
Long Blades    | 3 |  3.2
Dodging        | |  0.3

Action                   || total
-------------------------++-------
Melee: Long sword        ||    67
       Headbutt          ||     8
Armor: Scale mail        ||    75
Dodge: Dodged            ||    76
Block: Buckler           ||    27

Table legend: (Time is in decaauts)
 A = Elapsed time spent in this place.
 B = Non-inter-level travel time spent in this place.
 C = Inter-level travel time spent in this place.
 D = Time resting spent in this place.
 E = Time spent auto-exploring this place.
 F = Levels seen in this place.
 G = Mean time per level.
                   A        B        C        D        E       F      G
               +--------+--------+--------+--------+--------+-----+--------+
         Total |    899 |    885 |     14 |      0 |    664 |   2 |  449.5 |
       Dungeon |    899 |    885 |     14 |      0 |    664 |   2 |  449.5 |
               +--------+--------+--------+--------+--------+-----+--------+

Top non-repeatable levels by time:
     D:1: 799 daAuts
     D:2: 100 daAuts
